 Dungeon Crawl Stone Soup version 0.26.1-11-gd32895ea62 (webtiles) character file.

Game seed: 2062625398062541857

61 Zeld the Chucker (level 3, -1/35 HPs)
             Began as a Troll Hunter on July 14, 2021.
             Slain by an orc priest
             ... wielding a +0 morningstar
              (8 damage)
             ... on level 2 of the Dungeon.
             The game lasted 00:02:20 (2387 turns).

Zeld the Chucker (Troll Hunter)                     Turns: 2387, Time: 00:02:20

Health: -1/35      AC:  6    Str: 21    XL:     3   Next: 83%
Magic:  2/2        EV: 10    Int:  7    God:
Gold:   81         SH:  0    Dex: 10    Spells: 2/2 levels left

rFire    . . .     SeeInvis .   (no weapon)
rCold    . . .     Faith    .   (no shield)
rNeg     . . .     Spirit   .   b - +0 robe
rPois    .         Reflect  .   (helmet restricted)
rElec    .         Harm     .   (no cloak)
rCorr    .         Rampage  .   (gloves unavailable)
Will     .....                  (boots unavailable)
Stlth    +.........             (no amulet)
HPRegen  0.51/turn              (no ring)
MPRegen  0.08/turn              (no ring)

@: no status effects
A: large, unfitting armour, claws 3, regeneration 1, shaggy fur 1, tough skin 3
a: no special abilities


You were on level 2 of the Dungeon.
You visited 1 branch of the dungeon, and saw 3 of its levels.

You collected 81 gold pieces.

Inventory:

Missiles
 c - 5 large rocks (quivered)
 d - 2 throwing nets
 r - 31 poisoned darts
 s - 2 boomerangs
Armour
 b - a +0 robe (worn)
Jewellery
 a - an uncursed ring of ice {unknown}
 m - an uncursed ring of resist corrosion {unknown}
Wands
 t - a wand of flame (16)
Scrolls
 e - 3 scrolls of teleportation {unknown}
 g - 4 scrolls of identify {unknown}
 h - 2 scrolls of fear {unknown}
 i - a scroll of random uselessness {unknown}
 j - 2 scrolls of remove curse {unknown}
 l - 2 scrolls of immolation {unknown}
 o - 2 scrolls of amnesia {unknown}
 p - a scroll of enchant armour {unknown}
Potions
 f - a potion of ambrosia {unknown}
 k - 5 potions of brilliance {unknown}
 n - 2 potions of heal wounds {unknown}
 q - a potion of invisibility {unknown}


   Skills:
 + Level 2.1 Fighting
 * Level 4.3 Throwing
 + Level 2.2 Dodging
 - Level 0.3 Stealth


You had 2 spell levels left.
You didn't know any spells.
Your spell library was empty.

Dungeon Overview and Level Annotations

Branches:
Dungeon (3/15)

Altars:


Innate Abilities, Weirdness & Mutations

You are too large for most types of armour.
You have claws for hands.
Your natural rate of healing is unusually fast.
You are covered in fur. (AC +1)
You have extremely tough skin. (AC +3)


Message History

You scratch the orc priest.
The orc priest is severely wounded.
The bat closely misses you.
Unknown command.
You scratch the orc priest but do no damage.
The orc priest is severely wounded.
The bat barely misses you.
The orc priest mumbles some strange prayers to Beogh against you.
Beogh smites you!
* * * LOW HITPOINT WARNING * * *
You are too injured to fight recklessly!
You are too injured to fight recklessly!
Unknown command.
You are too injured to fight recklessly!
You are too injured to fight recklessly!
You closely miss the orc priest.
The orc priest is severely wounded.
The bat hits you but does no damage.
The orc priest hits you with a +0 morningstar!
You die...

##########
#######........###
#.................
###.#####...........
#..).....########...
#..@................
#..bo....########...
#........# #...
####........# #...
#......###########
#...
#................#
##..
##......#########.#
#.#
#...............#.#
#.#
#####.#########.#.#
#.#


You could see an orc priest and a bat.

Vanquished Creatures
  2 adders (D:2)
  2 oozes
  2 worms (D:2)
  A dart slug (D:1)
  A leopard gecko (D:2)
  2 orcs
  3 bats
  2 giant cockroaches
  3 goblins
  3 kobolds
  6 rats
27 creatures vanquished.

Notes
Turn   | Place    | Note
-------+----------+-------------------------------------------
     0 | D:1      | Zeld the Troll Hunter began the quest for the Orb.
     0 | D:1      | Reached XP level 1. HP: 19/19 MP: 0/0
   282 | D:1      | Reached XP level 2. HP: 28/28 MP: 1/1
   788 | D:2      | Reached skill level 4 in Throwing
   867 | D:2      | Reached XP level 3. HP: 24/35 MP: 2/2
  1014 | D:2      | You fall into a shaft and drop 1 floor!
  2387 | D:2      | Slain by an orc priest

Illustrated notes

Levels and vault maps discovered:
D:1:      minmay_arrival_open_corners, layout_basic
D:2:      layout_basic
D:3:      layout_rooms

Skill      XL: |  1  2 |
---------------+-------+-----
Throwing       | 4 |  4.3
Fighting       | 2 |  2.1
Dodging        | 2 |  2.2
Stealth        | |  0.3

Action                   || total
-------------------------++-------
Melee: Unarmed           ||    97
Armor: Robe              ||    63
Dodge: Dodged            ||    84
